 Dungeon Crawl Stone Soup version 0.29-a0-982-gaed3a0c8d8 (webtiles) character file.

Game seed: 1712897975298209341

6034 Sabo the Gusty (level 10, -4/80 HPs)
             Began as a Red Draconian Air Elementalist on Aug 1, 2022.
             Was an Elder of Lugonu.
             Slain by a shadow (11 damage)
             ... on level 9 of the Dungeon.
             The game lasted 01:20:54 (18054 turns).

Sabo the Gusty (Red Draconian Air Elementalist)    Turns: 18054, Time: 01:20:55

Health: -4/80      AC: 11    Str: 10    XL:     10   Next: 56%
Magic:  12/20      EV: 14    Int: 19    God:    Lugonu [****..]
Gold:   526        SH:  0    Dex: 13    Spells: 19/22 levels left

rFire   + . .      SeeInvis .   x - +3 hand axe (freeze)
rCold   . . .      Faith    .   (no shield)
rNeg    . . .      Spirit   .   (body armour unavailable)
rPois   .          Reflect  .   (helmet restricted)
rElec   .          Harm     .   E - +0 cloak
rCorr   .          Rampage  .   n - +1 pair of gloves
Will    .....                   w - +0 pair of boots
Stlth   +++.......              (no amulet)
HPRegen 0.23/turn               s - +4 ring of slaying
MPRegen 0.17/turn               C - +4 ring of protection

@: brilliant, short of breath, corroded
A: breathe fire, AC +7, unfitting armour, fire resistance 1, cold-blooded
a: Breathe Fire, Renounce Religion, Depart the Abyss, Bend Space, Banish,
Corrupt


You were on level 9 of the Dungeon.
You worshipped Lugonu.
Lugonu was greatly pleased with you.
You visited 1 branch of the dungeon, and saw 9 of its levels.

You collected 526 gold pieces.

Inventory:

Hand Weapons
 d - a +0 arbalest
 x - a +3 hand axe of freezing (weapon)
 D - a +3 falchion
 F - a +2 hand axe of flaming
Missiles
 c - 2 throwing nets
 g - 23 poisoned darts
 B - 4 boomerangs
Armour
 n - a +1 pair of gloves (worn)
 w - a +0 pair of boots (worn)
 E - a +0 cloak (worn)
Magical Staves
 b - a staff of cold
 i - a staff of conjuration
 A - a staff of poison
Jewellery
 s - a +4 ring of slaying (left hand)
 C - a +4 ring of protection (right hand)
Wands
 y - a wand of quicksilver (9)
Scrolls
 e - 5 scrolls of amnesia
 k - a scroll of blinking
 l - a scroll of identify
 o - 2 scrolls of fear
Potions
 a - a potion of magic
 f - 2 potions of cancellation {unknown}
 h - 2 potions of invisibility
 m - 3 potions of mutation
 r - 4 potions of curing
 t - a potion of resistance {unknown}
 u - 4 potions of brilliance
 v - a potion of haste {unknown}
 z - 3 potions of berserk rage {unknown}
 H - a potion of heal wounds {unknown}
Miscellaneous
 G - a piece from Xom's chessboard (15/15)


   Skills:
 + Level 4.8 Fighting
 + Level 2.3 Long Blades
 + Level 6.3 Axes
 + Level 5.3 Dodging
 + Level 4.3 Stealth
 + Level 6.9 Spellcasting
 + Level 6.6 Conjurations
 + Level 7.3 Air Magic


You had 19 spell levels left.
You knew the following spells:

 Your Spells              Type           Power      Damage    Failure   Level
a - Shock                 Conj/Air       100%       1d9       1%          1
b - Searing Ray           Conj           94%        2d7       1%          2

Your spell library contained the following spells:

 Spells                   Type           Power      Damage    Failure   Level
 Static Discharge         Conj/Air       49%        3-10/arc  1%          2
 Swiftness                Air            51%        N/A       1%          3
 Poisonous Vapours        Pois/Air       60%        N/A       3%          2
 Mephitic Cloud           Conj/Pois/Air  36%        N/A       4%          3
 Airstrike                Air            25%        0-9+      4%          4
 Dazzling Flash           Conj/Hex       56%        N/A       8%          3
 Summon Small Mammal      Summ           36%        N/A       11%         1
 Blink                    Tloc           18%        N/A       16%         2
 Passwall                 Tmut/Erth      7%         N/A       16%         2
 Summon Lightning Spire   Summ/Air       30%        N/A       22%         4
 Iskenderun's Mystic Bla  Conj/Tloc      28%        2d7       26%         4
 Call Canine Familiar     Summ           9%         N/A       30%         3
 Frozen Ramparts          Ice            18%        1d9       30%         3
 Lesser Beckoning         Tloc           9%         N/A       30%         3
 Summon Guardian Golem    Hex/Summ       9%         N/A       30%         3
 Freezing Cloud           Conj/Ice/Air   18%        6-21      38%         5
 Ice Form                 Ice/Tmut       9%         N/A       71%         4
 Summon Ice Beast         Ice/Summ       9%         N/A       71%         4
 Manifold Assault         Tloc           9%         N/A       96%         5
 Starburst                Conj/Fire      14%        6d6       99%         6
 Malign Gateway           Summ/Tloc      4%         N/A       100%        7
 Summon Horrible Things   Summ           4%         N/A       100%        8
 Chain Lightning          Conj/Air       24%        3d32      100%        9
 Fire Storm               Conj/Fire      14%        8d4       100%        9
 Shatter                  Erth           4%         3d8*      100%        9


Dungeon Overview and Level Annotations

Branches:
Dungeon (9/15)             Temple (0/1) D:6            Lair (0/5) D:9
    Orc: D:9-12

Altars:
Cheibriados
Dithmenos
Gozag
Makhleb
Nemelex Xobeh
Ru
Vehumet
Xom
Zin
The Shining One
Lugonu

Shops:
D:2 *   D:6 *   D:7 (   D:9 *


Innate Abilities, Weirdness & Mutations

You can breathe blasts of fire.
Your fiery red scales are hard. (AC +7)
You cannot fit into any form of body armour.
Your flesh is heat resistant. (rF+)
You are cold-blooded and may be slowed by cold attacks.


Message History

You feel a surge of power!
The zap hits the brown ugly thing.
The brown ugly thing is heavily wounded.
The zap hits the wyvern.
The wyvern is lightly wounded.
The brown ugly thing closely misses you.
Casting: Shock (safe; 1% risk of failure)
Confirm with . or Enter, or press ? or * to list all spells.
Aiming: Shock (safe; 1% risk of failure)
Press: ? - help, Shift-Dir - straight line, f/p - brown ugly thing
Aim: a brown ugly thing (heavily wounded, 74% to hit)
You feel a surge of power!
The zap hits the brown ugly thing.
The brown ugly thing is heavily wounded.
The zap hits the wyvern!
The wyvern is moderately wounded.
The zap hits something.
Lugonu accepts your kill.
Reactivating autopickup.
You feel a bit more experienced.
The brown ugly thing stings you but does no damage.
Casting: Shock (safe; 1% risk of failure)
Confirm with . or Enter, or press ? or * to list all spells.
Aiming: Shock (safe; 1% risk of failure)
Press: ? - help, Shift-Dir - straight line, f/p - brown ugly thing
Aim: a brown ugly thing (heavily wounded, 74% to hit)
You feel a surge of power!
The zap hits the brown ugly thing.
The brown ugly thing is heavily wounded.
The zap hits the wyvern.
The wyvern is heavily wounded.
The zap hits the kobold brigand.
The kobold brigand is heavily wounded.
The brown ugly thing stings you!
* * * LOW HITPOINT WARNING * * *
You are splashed with acid!
* * * LOW HITPOINT WARNING * * *
You barely miss the brown ugly thing.
You tail-slap the brown ugly thing, but do no damage.
The brown ugly thing is heavily wounded.
You hit something but do no damage.
The shadow strikes at you from the darkness!
You die...

#..........##
#..........#......#
#.#####....#......#
#..........#......#
#..........#......#
#..........#......#
#.........##......#
#.........#........
#...#####@'........
#... #u#........
#...#####l#........
#........K#.#..##..
..............# .
.........###.....
###....#.# .#...
#......# .....
#..#.... ..#.


You could see a brown ugly thing, a wyvern and a kobold brigand.

Vanquished Creatures
  An unseen horror (D:7)
  2 hornets (D:9)
  6 yaks
  Menkaure (D:7)
  5 water moccasins
  An acid dragon (D:9)
  An ice beast (D:5)
  2 orc warriors (D:8)
  5 black bears
  4 sky beasts
  2 phantoms (D:7)
  2 centaurs (D:7)
  4 bullfrogs
  2 kobold brigands (D:7)
  A necrophage (D:6)
  A gnoll sergeant (D:8)
  4 scorpions
  8 wights
  A jelly (D:4)
  6 killer bees
  7 howler monkeys (D:9)
  A crimson imp (D:4)
  2 orc priests
  3 hounds
  Jessica (D:2)
  Natasha (thrice) (D:3)
  An iguana (D:5)
  7 orc wizards
  4 gnolls (D:8)
  An adder (D:3)
  A white imp (D:7)
  2 dart slugs
  26 orcs
  2 bats (D:2)
  7 endoplasms
  3 giant cockroaches
  8 goblins
  4 hobgoblins
  3 jackals (D:2)
  14 kobolds
  A quokka (D:4)
  3 training dummies (D:7)
  7 ball pythons
  4 frilled lizards
  4 rats
178 creatures vanquished.

Vanquished Creatures (others)
  38 fungi (D:9)
  33 plants (D:9)
71 creatures vanquished.

Grand Total: 249 creatures vanquished

Notes
Turn   | Place    | Note
-------+----------+-------------------------------------------
     0 | D:1      | Sabo the Draconian Air Elementalist began the quest for the
                  | Orb.
     0 | D:1      | Reached XP level 1. HP: 14/14 MP: 3/3
   703 | D:1      | Found a faded altar of an unknown god.
   707 | D:1      | Prayed at the altar of an unknown god.
   707 | D:1      | Became a worshipper of Lugonu the Unformed
   707 | D:1      | Reached * piety under Lugonu
   707 | D:1      | Reached ** piety under Lugonu
   777 | D:1      | Reached XP level 2. HP: 20/20 MP: 1/5
  2243 | D:2      | Found Atuit's Assorted Antiques.
  2606 | D:2      | Found an opulent altar of Gozag.
  3034 | D:2      | Reached XP level 3. HP: 26/26 MP: 2/6
  3081 | D:2      | Noticed Jessica
  3087 | D:2      | Killed Jessica
  4321 | D:3      | Found a sparkling altar of Nemelex Xobeh.
  4336 | D:3      | Noticed Natasha
  4344 | D:3      | Killed Natasha
  4345 | D:3      | Reached XP level 4. HP: 18/33 MP: 2/8
  4575 | D:3      | Found a sacrificial altar of Ru.
  5123 | D:3      | Found a shadowy altar of Dithmenos.
  5163 | D:3      | Noticed Natasha
  5170 | D:3      | Killed Natasha
  5171 | D:3      | Reached skill level 1 in Long Blades
  5983 | D:3      | Noticed Natasha
  5990 | D:3      | Killed Natasha
  5991 | D:3      | Reached skill level 4 in Air Magic
  5991 | D:3      | Reached XP level 5. HP: 34/38 MP: 3/9
  6568 | D:4      | Found a radiant altar of Vehumet.
  6568 | D:4      | Found a burning altar of Makhleb.
  6621 | D:4      | Reached XP level 6. HP: 28/46 MP: 5/10
  8295 | D:5      | Entered Level 5 of the Dungeon
  8316 | D:5      | Reached skill level 1 in Fighting
  8707 | D:5      | Your scales start taking on a fiery red colour.
  8707 | D:5      | Reached XP level 7. HP: 30/52 MP: 2/12
  8707 | D:5      | Gained mutation: Your flesh is heat resistant. (rF+) [Red
                  | Draconian growth]
  9171 | D:5      | Got the Parchment of the Hundredfold Things
  9598 | D:5      | Found a shimmering altar of Xom.
 10003 | D:5      | Found an opulent altar of Gozag.
 10422 | D:6      | Reached skill level 5 in Air Magic
 10424 | D:6      | Reached skill level 1 in Axes
 10822 | D:6      | Reached XP level 8. HP: 45/61 MP: 14/14
 11211 | D:6      | Found a staircase to the Ecumenical Temple.
 11291 | D:6      | Found Zin's Purification Station.
 11318 | D:6      | Found a glowing silver altar of Zin.
 11755 | D:7      | Found Cin Peag's Firing Range.
 11890 | D:7      | Noticed Menkaure
 11895 | D:7      | Killed Menkaure
 11895 | D:7      | Reached *** piety under Lugonu
 12126 | D:7      | Reached skill level 5 in Spellcasting
 12672 | D:7      | Reached skill level 5 in Conjurations
 12675 | D:7      | Reached skill level 6 in Air Magic
 12675 | D:7      | Reached XP level 9. HP: 55/69 MP: 10/17
 13509 | D:7      | Got Furos's Wizardry in Simple Steps
 13707 | D:7      | Killed an unseen horror
 14547 | D:7      | Found a glowing golden altar of the Shining One.
 14803 | D:8      | Reached skill level 5 in Axes
 14969 | D:8      | Learned a level 2 spell: Searing Ray
 15618 | D:8      | Found a snail-covered altar of Cheibriados.
 15886 | D:8      | Reached XP level 10. HP: 40/78 MP: 7/19
 17224 | D:9      | Reached **** piety under Lugonu
 17225 | D:9      | Reached skill level 7 in Air Magic
 17600 | D:9      | Found Varepiz's General Store.
 17733 | D:9      | Paralysed by a hornet for 1 turns
 17790 | D:9      | Reached skill level 5 in Dodging
 17864 | D:9      | Identified the +1 robe of Gehajam {Harm rC- Int+5 Slay+4}
 17898 | D:9      | Found a staircase to the Lair.
 18034 | D:9      | Noticed a brown ugly thing
 18054 | D:9      | Slain by a shadow

Illustrated notes

Levels and vault maps discovered:
D:1:      mrwooster_arrival_statue, layout_rooms, nicolae_ecumenical_lake_church
D:2:      layout_loops_ring, basic_altar, serial_shops, shop,
          grunt_ministairs_7, uniq_jessica
D:3:      layout_basic, nicolae_ru_awakened_eye, nicolae_overflow_hidden_temple,
          mainiacjoe_overflow_brackets, minmay_misc_feat_plants, uniq_natasha
D:4:      layout_gridville, grunt_temple_overflow_lords_of_destruction
D:5:      layout_layer_cave, xom_teletrap_fun, marbit_many_paths
D:6:      layout_cave_pools, zin_purify, minmay_temple_entry_wispy
D:7:      layout_loops_cross, lemuel_doored_altar, hangedman_decor_riveting,
          minmay_misc_feat_chi, hellmonk_bongcloud_opening,
          nicolae_shop_firing_range, uniq_menkaure
D:8:      layout_basic, cheibriados_altar_1
D:9:      layout_stronghold, due_lair_maze_entry_diamond, serial_shops,
          kennysheep_mini_moat, minmay_fractal_squares_5

Skill      XL: |  1  2  3  4  5  6  7  8  9 10 |
---------------+-------------------------------+-----
Stealth        | 2 3 4 |  4.3
Conjurations   | 2 3 4 5 6 |  6.6
Long Blades    | 1 2 |  2.3
Dodging        | 2 3 4 5 |  5.3
Air Magic      | 4 5 6 7 |  7.3
Spellcasting   | 3 4 5 6 |  6.9
Fighting       | 1 2 3 4 |  4.8
Axes           | 1 3 5 6 |  6.3

Action                   |  1- 3 |  4- 6 |  7- 9 | 10-12 || total
-------------------------+-------+-------+-------+-------++-------
Melee: Unarmed           |     9 |       |       |       ||     9
       Dagger            |     3 |       |       |       ||     3
       Tailslap          |     3 |    10 |    24 |    17 ||    54
       Long sword        |     9 |    77 |       |       ||    86
       Punch             |     1 |     3 |       |       ||     4
       Hand axe          |       |       |   147 |    74 ||   221
 Cast: Shock             |    69 |    80 |   135 |    64 ||   348
 Abil: Breathe Fire      |       |       |     8 |     6 ||    14
  Use: Scroll            |     2 |     3 |     7 |     1 ||    13
       Potion            |       |     2 |     3 |     1 ||     6
 Stab: Sleeping          |       |       |     4 |       ||     4
Armor: Skin              |     7 |    40 |    92 |    37 ||   176
Dodge: Dodged            |    15 |    56 |   120 |    58 ||   249

Table legend: (Time is in decaauts)
 A = Elapsed time spent in this place.
 B = Non-inter-level travel time spent in this place.
 C = Inter-level travel time spent in this place.
 D = Time resting spent in this place.
 E = Time spent auto-exploring this place.
 F = Levels seen in this place.
 G = Mean time per level.
                   A        B        C        D        E       F      G
               +--------+--------+--------+--------+--------+-----+--------+
         Total |  18115 |  18115 |      0 |  10477 |      0 |   9 | 2012.8 |
       Dungeon |  18115 |  18115 |      0 |  10477 |      0 |   9 | 2012.8 |
               +--------+--------+--------+--------+--------+-----+--------+

Top non-repeatable levels by time:
     D:7: 3012 daAuts
     D:2: 2570 daAuts
     D:8: 2387 daAuts
     D:3: 2264 daAuts
     D:4: 2127 daAuts
     D:5: 1961 daAuts
     D:6: 1501 daAuts
     D:1: 1369 daAuts
     D:9: 922 daAuts
